 Dungeon Crawl Stone Soup version 0.29-a0-330-g52719c12eb (webtiles) character file.

Game seed: 10738801503716348104

282 lorenzova the Conjurer (level 6, -1/32 HPs)
             Began as a Deep Elf Conjurer on May 27, 2022.
             Was an Initiate of Vehumet.
             Slain by a wraith (10 damage)
             ... in an ossuary.
             The game lasted 00:11:54 (3919 turns).

lorenzova the Conjurer (Deep Elf Conjurer)          Turns: 3919, Time: 00:11:55

Health: -1/32      AC:  2    Str: 10    XL:     6   Next: 6%
Magic:  14/17      EV: 12    Int: 25    God:    Vehumet [......]
Gold:   222        SH:  0    Dex: 13    Spells: 14/17 levels left

rFire   . . .      SeeInvis .   t - +1 short sword (venom)
rCold   . . .      Faith    .   (no shield)
rNeg    . . .      Spirit   .   a - +0 robe
rPois   .          Reflect  .   (no helmet)
rElec   .          Harm     .   (no cloak)
rCorr   .          Rampage  .   (no gloves)
Will    .....                   (no boots)
Stlth   ++........              (no amulet)
HPRegen 0.10/turn               l - +6 ring of strength
MPRegen 0.15/turn               (no ring)

@: slowed, very slow
A: no striking features
a: Renounce Religion


You were in an ossuary.
You worshipped Vehumet.
Vehumet was noncommittal.
You visited 2 branches of the dungeon, and saw 5 of its levels.
You also visited: Ossuary.

You collected 222 gold pieces.

Inventory:

Hand Weapons
 t - a +1 short sword of venom (weapon)
Armour
 a - a +0 robe (worn)
 w - a +1 helmet
Magical Staves
 o - a staff of air
 v - a staff of cold
Jewellery
 l - a +6 ring of strength (left hand)
Wands
 s - a wand of paralysis (11)
Scrolls
 f - 2 scrolls of identify {unknown}
 h - a scroll of brand weapon {unknown}
 k - a scroll of torment {unknown}
 r - a scroll of fear {unknown}
 u - a scroll of immolation {unknown}
 x - a scroll of enchant armour {unknown}
Potions
 b - 3 potions of magic
 c - 2 potions of berserk rage {unknown}
 d - a potion of degeneration {unknown}
 e - a potion of invisibility {unknown}
 g - a potion of brilliance {unknown}
 i - 4 potions of curing {unknown}
 j - a potion of flight {unknown}
 n - a potion of mutation {unknown}
 p - a potion of lignification {unknown}
 q - a potion of haste {unknown}


   Skills:
 - Level 2.4 Dodging
 - Level 2.4 Stealth
 + Level 6.3 Spellcasting
 + Level 6.5 Conjurations


You had 14 spell levels left.
You knew the following spells:

 Your Spells              Type           Power      Damage    Failure   Level
a - Magic Dart            Conj           100%       1d8       1%          1
b - Searing Ray           Conj           80%        2d7       1%          2

Your spell library contained the following spells:

 Spells                   Type           Power      Damage    Failure   Level
 Dazzling Flash           Conj/Hex       48%        N/A       5%          3
 Stone Arrow              Conj/Erth      48%        3d10      5%          3
 Fulminant Prism          Conj/Hex       12%        3d9       19%         4
 Iskenderun's Mystic Bla  Conj/Tloc      24%        2d7       19%         4
 Animate Armour           Summ/Erth      14%        N/A       56%         4
 Lehudib's Crystal Spear  Conj/Erth      12%        10d4      100%        8


Dungeon Overview and Level Annotations

Branches:
Dungeon (4/15)             Temple (1/1) D:4         Ossuary (1/1)

Altars:
Ashenzari
Dithmenos
Fedhas
Ru
Vehumet
Wu Jian

Annotations:
D:4 Edmund


Message History

(Press . to maintain the ray.)
You start resting.
Magic restored.
You open the door.
Found three items.
There is an open door here.
x - a scroll labelled ORUOCHOOCK
f - 2 scrolls labelled HAUMPI SEMOIJUMO (gained 1) As you open the door, it creaks loudly!
There is an open door here.
You open the door.
There is an open door here.
Found 2 metallic amethyst potions and a yellow potion.
Found a scroll of fog.
You open the door.
A wraith comes into view.
Casting: Searing Ray (safe; 1% risk of failure)
Confirm with . or Enter, or press ? or * to list all spells.
Aiming: Searing Ray (safe; 1% risk of failure)
Press: ? - help, Shift-Dir - straight line, f - wraith
Aim: a wraith (82% to hit)
The searing ray hits the wraith.
The wraith is lightly damaged. (Press . to maintain the ray.)
The wraith closely misses you.
The searing ray misses the wraith.
The wraith hits you!
The searing ray hits the wraith.
The wraith is lightly damaged.
The wraith closely misses you.
Okay, then.
As you read the scroll of fog, it crumbles to dust.
The scroll dissolves into smoke.
The wraith barely misses you. The wraith hits you!
* * * LOW HITPOINT WARNING * * *
The wraith drains your vigour!
You feel yourself slow down.
The flying skull gives a hideous shriek!
The wraith barely misses you. The wraith attacks as you move away!
The wraith closely misses you. The wraith hits you!
You die...

#.#z#.!!
#.###.!? #..
... #.. ...
#.###.### #
#§#§#.#z .#
#§§##.###.##+.#
#§§W@.........#
#######'######
#.# ###.###
#W▓.▓z# ###.###
#.# #'# #.#


You could see a wraith and a flying skull.

Vanquished Creatures
  A hound (D:4)
  2 orc priests (D:3)
  An iguana (D:4)
  A mummy (D:4)
  4 gnolls (D:2)
  3 adders
  2 worms (D:2)
  6 dart slugs
  3 orcs (D:3)
  4 bats
  7 endoplasms
  4 giant cockroaches
  3 hobgoblins
  9 jackals
  4 quokkas
  A ball python (D:3)
  A ball python skeleton (Ossuary)
  3 frilled lizards
  4 goblins
  2 hobgoblin skeletons (Ossuary)
  2 hobgoblin zombies (Ossuary)
  5 kobolds
  2 orc skeletons (Ossuary)
  An orc zombie (Ossuary)
  3 rats
78 creatures vanquished.

Vanquished Creatures (others)
  3 plants (D:1)
  4 toadstools (D:1)
7 creatures vanquished.

Grand Total: 85 creatures vanquished

Notes
Turn   | Place    | Note
-------+----------+-------------------------------------------
     0 | D:1      | lorenzova the Deep Elf Conjurer began the quest for the
                  | Orb.
     0 | D:1      | Reached XP level 1. HP: 10/10 MP: 6/6
   287 | D:1      | Reached XP level 2. HP: 15/15 MP: 0/8
   362 | D:1      | Learned a level 2 spell: Searing Ray
   612 | D:1      | Found a faded altar of an unknown god.
  1243 | D:2      | Reached skill level 5 in Conjurations
  1243 | D:2      | Reached XP level 3. HP: 18/19 MP: 6/10
  1660 | D:2      | Reached XP level 4. HP: 22/24 MP: 8/12
  2337 | D:3      | Reached skill level 5 in Spellcasting
  2756 | D:3      | Reached XP level 5. HP: 28/28 MP: 10/15
  3419 | D:4      | Noticed Edmund
  3465 | D:4      | Found a staircase to the Ecumenical Temple.
  3484 | Temple   | Entered the Ecumenical Temple
  3490 | Temple   | Became a worshipper of Vehumet
  3568 | D:4      | Found a sacrificial altar of Ru.
  3581 | D:4      | Noticed a black bear
  3667 | D:4      | Reached XP level 6. HP: 32/32 MP: 13/17
  3670 | D:4      | Found a sand-covered staircase.
  3680 | Ossuary  | Entered an ossuary
  3900 | Ossuary  | Noticed a wraith
  3900 | Ossuary  | Noticed a flying skull
  3906 | Ossuary  | Noticed a flying skull
  3908 | Ossuary  | Noticed a flying skull
  3912 | Ossuary  | Noticed a wraith
  3919 | Ossuary  | Slain by a wraith

Illustrated notes

Levels and vault maps discovered:
D:1:      ldierk_walled_garden_2, layout_rooms, serial_forest,
          infiniplex_forest_lined_4_way, infiniplex_forest_lined_3_way,
          infiniplex_forest_clump_C, infiniplex_forest_diagonal,
          infiniplex_forest_lined_1, infiniplex_forest_lined_1,
          infiniplex_forest_straight_2, shapermc_ecumenical_altar_notcrosses,
          corexii_leaking_fountain, minmay_misc_feat_doors
D:2:      layout_basic
D:3:      layout_basic
D:4:      layout_loops_cross, nicolae_ru_awakened_eye,
          minmay_temple_entry_glass, gup_ossuary_entry_pyramid,
          nicolae_shop_self_help, uniq_edmund
Temple:   eino_temple_rhombus
Ossuary:  ossuary_due_cavern

Skill      XL: |  1  2  3  4  5 |
---------------+----------------+-----
Spellcasting   | 4 5 6 |  6.3
Conjurations   | 5 6 |  6.5
Dodging        | |  2.4
Stealth        | |  2.4

Action                   |  1- 3 |  4- 6 || total
-------------------------+-------+-------++-------
 Cast: Magic Dart        |    70 |    88 ||   158
       Searing Ray       |       |    13 ||    13
  Use: Scroll            |       |     3 ||     3
Armor: Robe              |       |     1 ||     1
Dodge: Dodged            |     1 |     9 ||    10

Table legend: (Time is in decaauts)
 A = Elapsed time spent in this place.
 B = Non-inter-level travel time spent in this place.
 C = Inter-level travel time spent in this place.
 D = Time resting spent in this place.
 E = Time spent auto-exploring this place.
 F = Levels seen in this place.
 G = Mean time per level.
                   A        B        C        D        E       F      G
               +--------+--------+--------+--------+--------+-----+--------+
         Total |   3919 |   3817 |    102 |   1532 |   1539 |   6 |  653.2 |
       Dungeon |   3667 |   3565 |    102 |   1400 |   1539 |   4 |  916.8 |
        Temple |     12 |     12 |      0 |      0 |      0 |   1 |   12.0 |
       Ossuary |    239 |    239 |      0 |    132 |      0 |   1 |  239.0 |
               +--------+--------+--------+--------+--------+-----+--------+

Top non-repeatable levels by time:
     D:3: 1312 daAuts
     D:2: 1117 daAuts
     D:1: 968 daAuts
     D:4: 270 daAuts
 Ossuary: 239 daAuts
  Temple: 12 daAuts
